 Dungeon Crawl Stone Soup version 0.32-a0-616-g9348d4545b (webtiles) character file.

Game seed: 12602984455780843942

66 Juicyj the Shield-Bearer (level 3, -1/33 HPs)
             Began as a Mountain Dwarf Fighter on Mar 5, 2024.
             Slain by a gnoll
             ... wielding a +0 flail
              (10 damage)
             ... on level 2 of the Dungeon.
             The game lasted 00:01:48 (1612 turns).

Juicyj the Shield-Bearer (Mountain Dwarf Fighter)   Turns: 1612, Time: 00:01:48

Health: -1/33      AC:  7    Str: 20    XL:     3   Next: 96%
Magic:  3/3        EV:  9    Int:  8    God:
Gold:   55         SH:  4    Dex:  9    Spells: 2/2 levels left

rFire   . . .        a - +0 war axe
rCold   + . .        c - +0 buckler
rNeg    . . .        b - +0 scale mail
rPois   .            (no helmet)
rElec   .            (no cloak)
rCorr   .            (no gloves)
SInv    .            (no boots)
Will    .....        (no amulet) Stlth
                     e - ring of protection from cold
HPRegen 0.25/turn    (no ring)
MPRegen 0.08/turn

%: no passive effects
@: no status effects
A: runic magic, artefact enchanting
a: no special abilities


You were on level 2 of the Dungeon.
You visited 1 branch of the dungeon, and saw 3 of its levels.

You collected 55 gold pieces.

Inventory:

Hand Weapons
 a - a +0 war axe (weapon)
Armour
 b - a +0 scale mail (worn)
 c - a +0 buckler (worn)
Jewellery
 e - a ring of protection from cold (left hand)
 g - a +6 ring of intelligence
Scrolls
 f - a scroll of blinking {unknown}
 h - a scroll of teleportation {unknown}
 j - a scroll of poison {unknown}
 l - a scroll of butterflies {unknown}
Potions
 d - a potion of might
 i - a potion of curing {unknown}
 k - a potion of attraction {unknown}
 m - a potion of magic {unknown}
 n - a potion of enlightenment {unknown}


   Skills:
 + Level 3.8 Fighting
 + Level 3.3 Axes
 + Level 3.9 Armour
 + Level 4.0 Shields


You had 2 spell levels left.
You didn't know any spells.
Your spell library contained the following spells:

 Spells                   Type           Power      Damage    Failure   Level
 Kiss of Death            Conj/Necr      0%         2d5       56%         1
 Confusing Touch          Hex            0%         N/A       90%         3
 Dispel Undead            Necr           0%         3d6       100%        4


Dungeon Overview and Level Annotations

Branches:
Dungeon (3/15)

Altars:


Innate Abilities, Weirdness & Mutations

Your spellcasting is much less encumbered by armour.
You can use scrolls of enchantment on lesser artefacts.


Message History

The gnoll shouts! x2; You hear a shout! x2
The gnoll throws a throwing net.
The throwing net hits you.
You become entangled in the net!
The gnoll moves out of view.
You see here a throwing net.
You are held in a net!
You are held in a net!
You are held in a net!
You are held in a net!
You are held in a net!
You are held in a net!
You are held in a net!
You are held in a net!
You struggle against the net.
You struggle against the net.
The gnoll hits you with a +0 flail. The gnoll hits you but does no damage.
You shred the net and break free! The gnoll hits you with a +0 flail.
You block the gnoll's attack. The gnoll attacks as it pursues you!
The gnoll hits you from afar with a +0 halberd!
The gnoll attacks as it pursues you! You block the gnoll's attack.
You see here a throwing net.
The gnoll attacks as it pursues you! The gnoll hits you but does no damage.
There is a stone staircase leading up here.
You can't go down here!
The gnoll hits you with a +0 flail.
* * * LOW HITPOINT WARNING * * *
The gnoll barely misses you.
You climb upwards.
There is a stone staircase leading down here.
You slash the gnoll!
The gnoll is almost dead.
The gnoll misses you.
You barely miss the gnoll.
The gnoll is almost dead.
The gnoll hits you with a +0 flail.
* * * LOW HITPOINT WARNING * * *
You closely miss the gnoll.
The gnoll is severely wounded.
The gnoll barely misses you. The gnoll hits you with a +0 flail!
You die...

............# ###########.# #.#
#.# #.# #########
#.#########.......#
#.#.........####''####
###########.#.##.######........##
........).#.#.##@# ##..........#
...............#g# ##...÷........
.########.#.####.###.............
.# #........##.............. .#
###.######............... .#
####.######............... .#
#.........#.....(.#..#....
.#######.##.####.'........##÷)...
.##......#.....#.'........##[....


You could see a gnoll.

Vanquished Creatures
  2 adders (D:2)
  3 dart slugs
  6 ball pythons
  A bat (D:1)
  2 endoplasms
  5 giant cockroaches
  4 goblins
  4 hobgoblins (D:1)
  A quokka (D:1)
  3 frilled lizards
  3 kobolds
  4 rats (D:1)
38 creatures vanquished.

Notes
Turn   | Place    | Note
-------+----------+-------------------------------------------
     0 | D:1      | Juicyj the Mountain Dwarf Fighter began the quest for the
                  | Orb.
     0 | D:1      | Reached XP level 1. HP: 19/19 MP: 1/1
    51 | D:1      | Reached XP level 2. HP: 25/26 MP: 2/2
   259 | D:1      | Reached XP level 3. HP: 31/31 MP: 3/3
  1071 | D:2      | Reached skill level 4 in Shields
  1160 | D:2      | Found the +0 toga "Victory" {*Victory Clar}
  1612 | D:2      | Slain by a gnoll

Illustrated notes

Levels and vault maps discovered:
D:1:      dpeg_arrival_shelter, layout_basic
D:2:      kennysheep_big_flooded_room, layout_basic,
          shapermc_ecumenical_altar_petra, hangedman_decor_riveting
D:3:      layout_loops_ring, serial_rivers, chequers_serial_rivers_micro_e,
          chequers_serial_rivers_small_b, chequers_serial_rivers_micro_d,
          chequers_serial_rivers_marsh

Skill      XL: |  1  2  3 |
---------------+----------+-----
Axes           | 3 |  3.3
Shields        | 4 |  4.0
Fighting       | |  3.8
Armour         | |  3.9

Action                     || total
---------------------------++-------
  Melee: War axe           ||    93
 Armour: Scale mail        ||    77
  Dodge: Dodged            ||    47
  Block: Buckler           ||    26

Table legend: (Time is in decaauts)
 A = Elapsed time spent in this place.
 B = Non-inter-level travel time spent in this place.
 C = Inter-level travel time spent in this place.
 D = Time resting spent in this place.
 E = Time spent auto-exploring this place.
 F = Levels seen in this place.
 G = Mean time per level.
                   A        B        C        D        E       F      G
               +--------+--------+--------+--------+--------+-----+--------+
         Total |   1647 |   1592 |     55 |      0 |   1353 |   3 |  549.0 |
       Dungeon |   1647 |   1592 |     55 |      0 |   1353 |   3 |  549.0 |
               +--------+--------+--------+--------+--------+-----+--------+

Top non-repeatable levels by time:
     D:2: 1089 daAuts
     D:1: 549 daAuts
     D:3: 8 daAuts
